 Dungeon Crawl Stone Soup version 0.17.1-1-g73c8601 (webtiles) character file.

788 Implojin the Grappler (level 7, -2/66 HPs)
             Began as a Troll Fighter on Apr 4, 2016.
             Was an Initiate of Okawaru.
             Slain by a yak (12 damage)
             ... on level 9 of the Dungeon.
             The game lasted 00:07:58 (1074 turns).

Implojin the Grappler (Troll Fighter)               Turns: 1074, Time: 00:07:58

Health: -2/66      AC:  5    Str: 25      XL:     7   Next: 56%
Magic:  6/6        EV:  8    Int:  4      God:    Okawaru [......]
Gold:   59         SH:  8    Dex:  9 (11) Spells: 0 memorised, 6 levels left

rFire  . . .     SeeInvis +       - Unarmed
rCold  . . .     Clarity  .     a - +0 robe
rNeg   . . .     SustAt   .     b - +0 shield
rPois  .         Gourm    +     (helmet restricted)
rElec  .         Spirit   .     (no cloak)
rCorr  .         Warding  .     (gloves unavailable)
rMut   .         Stasis   .     (boots unavailable)
MR     .....                    (no amulet)
Stlth  +.........               g - +5 ring of slaying
                                e - ring of see invisible

@: not resistant to hostile enchantments, very unstealthy
A: unfitting armour, claws 3, fast metabolism 3, gourmand, regeneration 2,
shaggy fur 1, tough skin 2
a: Renounce Religion


You were on level 9 of the Dungeon.
You worshipped Okawaru.
Okawaru was noncommittal.
You were not hungry.

You visited 2 branches of the dungeon, and saw 10 of its levels.

You collected 97 gold pieces.
You spent 38 gold pieces at shops.

Inventory:

Armour
 a - a +0 robe (worn)
 b - a +0 shield (worn)
Jewellery
 e - a ring of see invisible (left claw)
 g - a +5 ring of slaying (right claw)
Wands
 i - a wand of teleportation (4)
 m - a wand of draining (9)
 t - a wand of polymorph (7)
Scrolls
 j - a scroll of magic mapping
 l - 2 scrolls of remove curse
 n - a scroll of teleportation
 q - a scroll of enchant armour {unknown}
 r - a scroll of immolation {unknown}
Potions
 c - 2 potions of might
 f - a potion of cancellation
 k - a potion of curing {unknown}
Books
 h - a book of Annihilations

   Spells                             Type                      Level
   a - Poison Arrow                   Conjuration/Poison           6
   b - Chain Lightning                Conjuration/Air              8
   c - Lehudib's Crystal Spear        Conjuration/Earth            8
   d - Glaciate                       Conjuration/Ice              9
   e - Fire Storm                     Conjuration/Fire             9
Comestibles
 d - 6 bread rations
 s - a chunk of flesh
 u - a slice of pizza


   Skills:
 - Level 2.4 Fighting
 - Level 2.4 Dodging
 - Level 2.4 Shields
 * Level 8.8 Unarmed Combat


You had 6 spell levels left.
You didn't know any spells.

Dungeon Overview and Level Annotations

Branches:
Dungeon (9/15)             Temple (1/1) D:7
   Lair: D:8-11         Orc: D:9-12

Altars:
Ashenzari
Cheibriados
Dithmenos
Elyvilon
Fedhas
Gozag
Kikubaaqudgha
Makhleb
Okawaru
Ru
Trog
Vehumet
Xom
Yredelemnul
Zin
The Shining One

Shops:
D:6 :?


Innate Abilities, Weirdness & Mutations

You are too large for most types of armour.
You have claws for hands.
Your metabolism is lightning-fast.
You like to eat raw meat.
You heal very quickly.
You are covered in fur (AC +1).
You have very tough skin (AC +2).


Message History

A giant gecko comes into view.
You barely miss the giant gecko. You claw the giant gecko!
You kill the giant gecko!
Okawaru accepts your kill.
You climb downwards.
The troll bites you! The troll claws you. You block the troll's attack.
The troll bites you!
* * * LOW HITPOINT WARNING * * *
The troll claws you!
* * * LOW HITPOINT WARNING * * *
The troll claws you but does no damage.
There is a stone staircase leading up, spattered with blood here.
A yak comes into view.
The yak bellows!
The yak gores you!
* * * LOW HITPOINT WARNING * * *
A phantom comes into view.
The phantom blinks!
A hound skeleton comes into view.
Found a helmet.
You hear a blaring wail to the northeast.
You hear a shout!
You hear an angry buzzing noise.
You hear an angry buzzing noise.
You hear two shouts!
The yak gores you!
* * * LOW HITPOINT WARNING * * *
Read which item? (? for menu, Esc to quit)
Okay, then.
Drink which item? (? for menu, Esc to quit)
Okay, then.
Read which item? (? for menu, Esc to quit)
As you read the scroll labeled ITTYICAUSI, it crumbles to dust.
You feel forgetful for a moment.
It was a scroll of amnesia.
The yak gores you!
* * * LOW HITPOINT WARNING * * *
The yak gores you.
* * * LOW HITPOINT WARNING * * *
Read which item? (? for menu, Esc to quit)
As you read the scroll labeled FAEZEC OWOSTRY, it crumbles to dust.
You experience a momentary feeling of inescapable doom!
It was a scroll of random uselessness.
The yak gores you!
You die...

#........# #........#
##........# ##.........#
#..........# #..>.....#
#.#........#
.......$.<.############# #
..###.......Y@............
...###...######YT.#..##..# .
#....Y## ####Y........# .#
......#.# ##.....##..####
..# ..ยง.###.# #..........#
#.# ...####.###...#..###.#
#..#
............###.####.###..##
................#..........#
............#####..........#


You could see 3 yaks and a troll.

Vanquished Creatures
  A centaur (D:8)
  An ogre (D:7)
  2 giant frogs
  A scorpion (D:6)
  A giant frog zombie (D:3)
  A crimson imp (D:7)
  A quasit (D:9)
  A centaur zombie (D:3)
  An iguana (D:5)
  A hound (D:7)
  An orc priest (D:5)
  A jelly (D:8)
  A giant frog skeleton (D:6)
  2 worker ants
  2 orc wizards
  4 gnolls (D:7)
  2 adders
  A giant gecko (D:8)
  6 orcs
  3 bats
  2 giant cockroaches
  3 goblins
  2 hobgoblins (D:3)
  A giant gecko skeleton (D:3)
  A giant gecko zombie (D:3)
43 creatures vanquished.

Notes
Turn   | Place    | Note
--------------------------------------------------------------
     0 | D:1      | Implojin the Troll Fighter began the quest for the Orb.
     0 | D:1      | Reached XP level 1. HP: 22/22 MP: 0/0
   103 | D:2      | Found a snail-covered altar of Cheibriados.
   131 | D:2      | Reached skill level 3 in Unarmed Combat
   131 | D:2      | Reached XP level 2. HP: 25/29 MP: 1/1
   204 | D:3      | Reached skill level 4 in Unarmed Combat
   204 | D:3      | Reached XP level 3. HP: 26/36 MP: 2/2
   221 | D:3      | Reached XP level 4. HP: 40/44 MP: 3/3
   265 | D:5      | Entered Level 5 of the Dungeon
   275 | D:5      | Reached skill level 5 in Unarmed Combat
   302 | D:5      | Reached XP level 5. HP: 45/50 MP: 4/4
   329 | D:6      | Found Copros's Book Shop.
   413 | D:7      | Reached skill level 6 in Unarmed Combat
   426 | D:7      | Noticed an ogre
   449 | D:7      | Reached XP level 6. HP: 34/59 MP: 5/5
   469 | D:7      | Killed an ogre
   469 | D:7      | Reached skill level 7 in Unarmed Combat
   503 | D:7      | Found a staircase to the Ecumenical Temple.
   512 | Temple   | Entered the Ecumenical Temple
   645 | D:7      | Found a glowing golden altar of the Shining One.
   749 | D:6      | Found Urucsaep's Magic Scroll Shoppe.
   752 | D:6      | Bought a scroll of magic mapping for 38 gold pieces
   804 | D:6      | Found an iron altar of Okawaru.
   824 | D:6      | Became a worshipper of Warmaster Okawaru
   825 | D:6      | Reached XP level 7. HP: 66/66 MP: 6/6
   899 | D:8      | Reached skill level 8 in Unarmed Combat
   919 | D:8      | Found a shadowy altar of Dithmenos.
  1018 | D:9      | Noticed a troll
  1019 | D:9      | Noticed a yak
  1020 | D:9      | Noticed a yak
  1037 | D:9      | Noticed a yak
  1074 | D:9      | Slain by a yak

Action                   |  1- 3 |  4- 6 |  7- 9 || total
-------------------------+-------+-------+-------++-------
Melee: Unarmed           |    51 |    74 |    16 ||   141
  Use: Scroll            |       |     3 |     3 ||     6
  Eat: Chunk             |     2 |     8 |     1 ||    11

Table legend:
 A = Turns spent in this place as a percentage of turns spent in the entire game.
 B = Non-inter-level travel turns spent in this place as a percentage of non-inter-level travel turns spent in the entire game.
 C = Inter-level travel turns spent in this place as a percentage of turns spent in this place.
 D = Turns resting spent in this place as a percentage of non-inter-level travel turns spent in this place.
 E = Turns spent auto-exploring this place as a percentage of non-inter-level travel turns spent in this place.
 F = Non-inter-level travel turns spent in this place divided by the number of levels of this place that you've seen.
                   A       B       C       D       E      F
               +-------+-------+-------+-------+-------+----------------------
         Total | 100.0 | 100.0 |   0.0 |   0.0 |   0.0 | 103.9
       Dungeon |  94.4 |  94.4 |   0.0 |   0.0 |   0.0 | 109.0
        Temple |   5.6 |   5.6 |   0.0 |   0.0 |   0.0 |  58.0
               +-------+-------+-------+-------+-------+----------------------

Table legend:
 A = Kills in this place as a percentage of kills in entire the game.
 B = Kills by you in this place as a percentage of kills by you in the entire game.
 C = Kills by friends in this place as a percentage of kills by friends in the entire game.
 D = Other kills in this place as a percentage of other kills in the entire game.
 E = Experience gained in this place as a percentage of experience gained in the entire game.
 F = Experience gained in this place divided by the number of levels of this place that you have seen.
                   A       B       C       D       E      F
               +-------+-------+-------+-------+-------+----------------------
         Total | 100.0 | 100.0 |  -nan |  -nan | 100.0 | 112.7
       Dungeon | 100.0 | 100.0 |  -nan |  -nan | 100.0 | 125.2
               +-------+-------+-------+-------+-------+----------------------
